 Dungeon Crawl Stone Soup version 0.30-a0-778-g2ef04afb54 (console) character file.

Game seed: 17086239408925701956

644 rlgrobin the Cleaver (level 8, 0/63 HPs)
             Began as a Meteoran Fighter on Feb 17, 2023.
             Was an Elder of Zin.
             Slain by an unseen horror (2 damage)
             ... on level 8 of the Dungeon.
             The game lasted 00:06:37 (1235 turns).

rlgrobin the Cleaver (Meteoran Fighter)             Turns: 1235, Time: 00:06:38

Health: 0/63       AC:  6    Str: 19    XL:     8   Next: 8%
Magic:  13/13      EV:  9    Int: 10    God:    Zin [****..]
Gold:   262        SH:  6    Dex: 20    Spells: 7/7 levels left

rFire   . . .      SeeInvis .    a - +1 war axe (venom)
rCold   . . .      Faith    .    c - +0 buckler
rNeg    . . .      Spirit   .    b - +0 scale mail
rPois   .          Reflect  .    (no helmet)
rElec   .          Harm     .    (no cloak)
rCorr   .          Rampage  .    (no gloves)
Will    +....                    (no boots) Stlth
                                 (no amulet)
HPRegen 0.30/turn                p - +6 ring of dexterity
MPRegen 0.13/turn                (no ring)

@: glowing
A: sense surroundings 1, otherworldly, glowing, explore regen
a: Renounce Religion, Recite, Vitalisation, Imprison, Donate Gold


You were on level 8 of the Dungeon.
You worshipped Zin.
Zin was greatly pleased with you.
You visited 1 branch of the dungeon, and saw 8 of its levels.
You also visited: Ossuary.

You collected 291 gold pieces.
You donated 29 gold pieces to Zin.

Inventory:

Hand Weapons
 a - a +1 war axe of venom (weapon)
Missiles
 h - 5 javelins
 j - 6 poisoned darts (quivered)
Armour
 b - a +0 scale mail (worn)
 c - a +0 buckler (worn)
Jewellery
 p - a +6 ring of dexterity (left hand)
Wands
 k - a wand of flame (12)
 l - a wand of roots (7)
Scrolls
 e - 3 scrolls of fog
 g - 2 scrolls of identify {unknown}
 i - a scroll of brand weapon
 t - a scroll of poison {unknown}
 u - a scroll of teleportation
Potions
 d - a potion of brilliance {unknown}
 f - 2 potions of magic {unknown}
 m - a potion of might
 n - 2 potions of lignification {unknown}
 q - 2 potions of heal wounds {unknown}
 r - a potion of mutation {unknown}
 s - 2 potions of ambrosia {unknown}
 v - a potion of flight {unknown}
 x - a potion of invisibility {unknown}


   Skills:
 - Level 3.2 Fighting
 + Level 8.1 Axes
 - Level 3.6 Armour
 - Level 3.6 Shields
 - Level 5.7 Invocations


You had 7 spell levels left.
You didn't know any spells.
Your spell library was empty.

Dungeon Overview and Level Annotations

Branches:
Dungeon (8/15) Zot: 3698   Temple (0/1) D:6         Ossuary (visited)
   Lair: D:8-11

Altars:
Trog
Zin

Shops:
D:6 ![


Innate Abilities, Weirdness & Mutations

You passively map a small area around you.
You are easily found by Zot.
You glow in the dark.
You regain HP and MP as you explore.


Message History

You swing at nothing.
You closely miss something. Something hits you.
You swing at nothing.
Something hits you. Something hits you but does no damage.
You closely miss something. Something hits you.
You swing at nothing.
Something hits you.
You swing at nothing.
You barely miss something. Something hits you. x2
You miss something. Something hits you.
* * * LOW HITPOINT WARNING * * *
You hit something. Something hits you.
* * * LOW HITPOINT WARNING * * *
You swing at nothing.
Something hits you but does no damage. Something hits you.
* * * LOW HITPOINT WARNING * * *
You miss something. Something hits you but does no damage.
You swing at nothing.
You block something's attack.
It was a potion of curing.
You feel better. Something hits you but does no damage.
You slash something! Something hits you.
* * * LOW HITPOINT WARNING * * *
You swing at nothing.
Something hits you!
* * * LOW HITPOINT WARNING * * *
You closely miss something. Something hits you but does no damage.
Something hits you.
* * * LOW HITPOINT WARNING * * *
Something hits you but does no damage.
You feel better.
You feel better. Something hits you.
* * * LOW HITPOINT WARNING * * *
Aiming: Fastroot
Press: ? - help, Shift-Dir - straight line, f - you The roots erupt in riotous growth!
You hear a shout! x3
Something hits you.
* * * LOW HITPOINT WARNING * * *
Something hits you.
* * * LOW HITPOINT WARNING * * *
Something hits you.
You die...

, , *## *
,.. * #.**
* , #. ,
*,* #. * *
* #.## ,
#..# *,* ,
#@# * #!#
* * * , ,
..####.##
,
.........#
* *
######..<#
* #...#
#...# , *
#...# * ,
#...#


There were no monsters in sight!

Vanquished Creatures
  A water moccasin (D:6)
  An ogre (D:7)
  A scorpion (D:5)
  A hound (D:6)
  An orc priest (D:5)
  Jessica (D:3)
  Natasha (D:3)
  An iguana (D:5)
  2 orc wizards
  8 mummies (Ossuary)
  7 adders
  8 orcs
  2 giant cockroaches
  2 goblins
  3 hobgoblins
  2 jackals (D:4)
  3 kobolds (D:4)
  2 bats
  2 frilled lizards
  2 gnoll zombies (Ossuary)
  2 hobgoblin zombies (Ossuary)
  A kobold zombie (Ossuary)
  3 orc zombies (Ossuary)
57 creatures vanquished.

Vanquished Creatures (others)
  An orc warrior (D:6)
  2 fungi (D:2)
  A plant (D:3)
4 creatures vanquished.

Grand Total: 61 creatures vanquished

Notes
Turn   | Place    | Note
-------+----------+-------------------------------------------
     0 | D:1      | rlgrobin the Meteoran Fighter began the quest for the Orb.
     0 | D:1      | Reached XP level 1. HP: 19/19 MP: 2/2
    42 | D:2      | Reached skill level 3 in Axes
    42 | D:2      | Reached XP level 2. HP: 26/26 MP: 3/3
    99 | D:2      | Found a faded altar of an unknown god.
   104 | D:2      | Prayed at the altar of an unknown god.
   104 | D:2      | Became a worshipper of Zin the Law-Giver
   104 | D:2      | Reached * piety under Zin
   176 | D:3      | Reached skill level 1 in Invocations
   176 | D:3      | Reached XP level 3. HP: 21/31 MP: 4/4
   220 | D:3      | Reached skill level 4 in Axes
   354 | D:3      | Noticed Natasha
   354 | D:3      | Noticed Jessica
   359 | D:3      | Killed Natasha
   360 | D:3      | Reached XP level 4. HP: 17/38 MP: 6/6
   363 | D:3      | Killed Jessica
   364 | D:3      | Reached XP level 5. HP: 11/45 MP: 6/8
   513 | D:4      | Reached ** piety under Zin
   561 | D:4      | Reached skill level 5 in Axes
   653 | D:5      | Entered Level 5 of the Dungeon
   743 | D:5      | Reached XP level 6. HP: 47/51 MP: 8/10
   784 | D:5      | Found a sand-covered staircase.
   806 | Ossuary  | Entered an ossuary
   811 | Ossuary  | Reached skill level 6 in Axes
   829 | Ossuary  | Reached skill level 5 in Invocations
   832 | Ossuary  | Reached XP level 7. HP: 34/57 MP: 11/11
   881 | Ossuary  | Reached *** piety under Zin
   936 | Ossuary  | Reached **** piety under Zin
  1041 | D:6      | Found Zeuxer's Armour Boutique.
  1051 | D:6      | Found Vuhaoh's Distillery.
  1064 | D:6      | Found a bloodstained altar of Trog.
  1069 | D:6      | Noticed a water moccasin
  1083 | D:6      | Killed a water moccasin
  1084 | D:6      | Reached skill level 7 in Axes
  1113 | D:6      | Found a staircase to the Ecumenical Temple.
  1169 | D:7      | Reached skill level 8 in Axes
  1169 | D:7      | Reached XP level 8. HP: 9/63 MP: 13/13
  1231 | D:8      | HP: 2/63 [something (3)]
  1235 | D:8      | Slain by an unseen horror

Illustrated notes

Levels and vault maps discovered:
D:1:      minmay_arrival_cross, layout_basic, patterned_corridor
D:2:      layout_basic, shapermc_ecumenical_altar_petra, basic_altar,
          minivault_23, st_stairs_10
D:3:      layout_loops_corners, serial_bayou_ford_a, minmay_misc_feat_iff,
          uniq_natasha, uniq_jessica
D:4:      cheibrodos_quashed, layout_basic, minmay_liquid_box,
          minmay_manual_mares
D:5:      layout_loops_ring, enter_ossuary_1, minmay_circle_x
D:6:      layout_rooms, bloody_trog, nicolae_overflow_hidden_temple,
          minmay_temple_entry_hall, serial_shops, shop,
          nicolae_shop_bloodbath_and_beyond, shop, shop,
          gammafunk_ghost_gnarly_gnolls, grunt_ministairs_14,
          minmay_fountain_box, minmay_fractal_squares_gapless_5
D:7:      layout_gridville, uniq_maggie, uniq_menkaure
D:8:      layout_loops_ring, kennysheep_island_fort

Skill      XL: |  1  2  3  4  5  6  7 |
---------------+----------------------+-----
Axes           | 3 4 5 6 8 |  8.1
Invocations    | 1 2 4 5 |  5.7
Fighting       | |  3.2
Armour         | |  3.6
Shields        | |  3.6

Action                     |  1- 3 |  4- 6 |  7- 9 || total
---------------------------+-------+-------+-------++-------
  Melee: War axe           |    49 |    49 |    53 ||   151
 Invoke: Recite            |       |     2 |     2 ||     4
  Evoke: Wand              |       |       |     1 ||     1
    Use: Scroll            |       |     5 |     3 ||     8
         Potion            |       |     1 |     3 ||     4
   Stab: Confused          |       |     1 |     1 ||     2
         Paralysed         |       |       |     1 ||     1
 Armour: Scale mail        |    26 |    35 |    27 ||    88
  Dodge: Dodged            |    18 |    20 |     9 ||    47
  Block: Buckler           |    13 |    20 |    16 ||    49

Table legend: (Time is in decaauts)
 A = Elapsed time spent in this place.
 B = Non-inter-level travel time spent in this place.
 C = Inter-level travel time spent in this place.
 D = Time resting spent in this place.
 E = Time spent auto-exploring this place.
 F = Levels seen in this place.
 G = Mean time per level.
                   A        B        C        D        E       F      G
               +--------+--------+--------+--------+--------+-----+--------+
         Total |   1282 |   1282 |      0 |      0 |      0 |   9 |  142.4 |
       Dungeon |   1101 |   1101 |      0 |      0 |      0 |   8 |  137.6 |
       Ossuary |    181 |    181 |      0 |      0 |      0 |   1 |  181.0 |
               +--------+--------+--------+--------+--------+-----+--------+

Top non-repeatable levels by time:
     D:3: 335 daAuts
     D:4: 219 daAuts
 Ossuary: 181 daAuts
     D:5: 173 daAuts
     D:6: 152 daAuts
     D:2: 100 daAuts
     D:7: 64 daAuts
     D:1: 29 daAuts
     D:8: 26 daAuts
